 Dungeon Crawl Stone Soup version 0.30-a0-222-ge547ba4400 (webtiles) character file.

Game seed: 1182801144647967146

23 Decritt the Grave Robber (level 2, 18/18 HPs)
             Began as a Vampire Necromancer on Oct 8, 2022.
             Quit the game on level 1 of the Dungeon.
             The game lasted 00:03:28 (1083 turns).

Decritt the Grave Robber (Vampire Necromancer)      Turns: 1083, Time: 00:03:29

Health: 18/18      AC:  2    Str:  7    XL:     2   Next: 72%
Magic:  5/5        EV: 12    Int: 17    God:
Gold:   4          SH:  0    Dex: 14    Spells: 4/5 levels left

rFire   + . .      SeeInvis +    i - staff of air
rCold   . . .      Faith    .    (no shield)
rNeg    . . .      Spirit   .    a - +0 robe
rPois   .          Reflect  .    (no helmet)
rElec   +          Harm     .    (no cloak)
rCorr   .          Rampage  .    (no gloves)
Will    .....                    (no boots)
Stlth   ++........               (no amulet)
HPRegen 0.43/turn                e - ring of protection from fire
MPRegen 0.09/turn                (no ring)

@: healing quickly
A: alive, fangs 3, see invisible, vampiric 1, [frail 1]
a: Exsanguinate


You were on level 1 of the Dungeon.
You visited 1 branch of the dungeon, and saw 1 of its levels.

You collected 4 gold pieces.

Inventory:

Armour
 a - a +0 robe (worn)
Magical Staves
 i - a staff of air (weapon)
Jewellery
 e - a ring of protection from fire (left hand)
Scrolls
 c - a scroll of teleportation {unknown}
 f - a scroll of identify {unknown}
 h - a scroll of poison {unknown}
Potions
 b - a potion of magic
 d - 3 potions of curing {unknown}
 g - a potion of resistance {unknown}
 j - a potion of might {unknown}


   Skills:
 + Level 0.9 Fighting
 + Level 2.6 Dodging
 - Level 3.0 Stealth
 + Level 2.2 Spellcasting
 + Level 4.6 Necromancy


You had 4 spell levels left.
You knew the following spells:

 Your Spells              Type           Power      Damage    Failure   Level
a - Necrotise             Necr           68%        1d7       2%          1

Your spell library contained the following spells:

 Spells                   Type           Power      Damage    Failure   Level
 Vampiric Draining        Necr           17%        2d7       9%          3
 Animate Dead             Necr           17%        N/A       28%         4
 Agony                    Necr           17%        N/A       61%         5


Dungeon Overview and Level Annotations

Branches:
Dungeon (1/15)

Altars:


Innate Abilities, Weirdness & Mutations

Your natural rate of healing is accelerated.
You have razor-sharp teeth.
You have supernaturally acute eyesight. (SInv)
You are afflicted with vampirism.
[You are frail. (-10% HP)]


Message History

The hobgoblin shouts!
The hobgoblin writhes in agony.
The hobgoblin writhes in agony.
You kill the hobgoblin!
The dead are walking!
No target in view!
A kobold comes into view. It is wielding a +0 dagger.
The kobold shouts!
The kobold writhes in agony.
You kill the kobold!
The dead are walking!
No target in view!
No target in view!
You swap places.
You see here a +0 dagger.
Your hobgoblin skeleton crumbles into dust!
You now have 4 gold pieces.
You see here a +0 dagger.
You see here a +0 dagger.
Your kobold skeleton crumbles into dust!
A goblin comes into view. It is wielding a +0 club.
The goblin shouts!
The goblin writhes in agony.
You kill the goblin!
The dead are walking!
No target in view!
Your goblin skeleton crumbles into dust!
You see here a staff of air.
i - a staff of air (weapon)
You see here 5 stones.
Key pressed, stopping explore.
You see here a +0 club.
Found 7 stones.
You open the door.
There is an open door here.
There is an open door here.
You see here a +0 robe.
j - a blue potion Done exploring.
Are you sure you want to abandon this character and quit the game? (Confirm with "yes".)

#~~~~.......#
#...♣.......#
#...[.......#
#...........#
#...........#
#...........#
#...........#
#...........#
#.........@.#
#...........#
#...........#
#############


There were no monsters in sight!

Vanquished Creatures
  2 ball pythons (D:1)
  A bat (D:1)
  An endoplasm (D:1)
  A giant cockroach (D:1)
  3 goblins (D:1)
  5 hobgoblins (D:1)
  A frilled lizard (D:1)
  3 kobolds (D:1)
  2 rats (D:1)
19 creatures vanquished.

Vanquished Creatures (collateral kills)
  A frilled lizard (D:1)
1 creature vanquished.

Grand Total: 20 creatures vanquished

Notes
Turn   | Place    | Note
-------+----------+-------------------------------------------
     0 | D:1      | Decritt the Vampire Necromancer began the quest for the
                  | Orb.
     0 | D:1      | Reached XP level 1. HP: 13/13 MP: 3/3
   240 | D:1      | Reached XP level 2. HP: 18/18 MP: 3/5
  1083 | D:1      | Quit the game

Illustrated notes

Levels and vault maps discovered:
D:1:      dpeg_arrival_water_fire, layout_basic, serial_bayou_pond_d

Action                   || total
-------------------------++-------
Melee: Unarmed           ||    11
       Bite              ||     2
 Cast: Necrotise         ||    25
 Abil: Exsanguinate      ||     1
       Revivify          ||     1
Armor: Robe              ||     2
Dodge: Dodged            ||    10

Table legend: (Time is in decaauts)
 A = Elapsed time spent in this place.
 B = Non-inter-level travel time spent in this place.
 C = Inter-level travel time spent in this place.
 D = Time resting spent in this place.
 E = Time spent auto-exploring this place.
 F = Levels seen in this place.
 G = Mean time per level.
                   A        B        C        D        E       F      G
               +--------+--------+--------+--------+--------+-----+--------+
         Total |   1082 |   1082 |      0 |      0 |    941 |   1 | 1082.0 |
       Dungeon |   1082 |   1082 |      0 |      0 |    941 |   1 | 1082.0 |
               +--------+--------+--------+--------+--------+-----+--------+

Top non-repeatable levels by time:
     D:1: 1082 daAuts
